Workbook

Sheet EMPRESAS
A1: Nombre cliente
A2: FORTOX SA
A3: FUNDACIÓN MEDICA MIRA TU SALUD
A4: ACCION DEL CAUCA SA
A5: ACCIONES y SERVICIOS S.A.S
A6: CORPORACION CENTRO HOLISTICO CCH
A7: CONVERSIONES INDUSTRIALES RAYSAN LTDA
A8: DIEGO ALBERTO LOAIZA
A9: FUNDACION GLORIA RESTREPO DE MEJIA
A10: DAR AYUDA TEMPORAL SA
A11: SERVICIOS ESPECIALIZADOS SERVICOL S.A.S
A12: EJE PALIATIVOS SAS
... A258: INDICONS ASOCIADOS S.A.S

Sheet MES A MES 
A1: Nombre cliente | B1: Identificación | C1: Teléfono | D1: Detalle vencimiento | E1: FACTURA | F1: Vencido mas de 121 | G1: Fecha vencimiento | H1: Deuda por cobrar | I1: Vencid | J1: Vencido de 91-120 | K1: Vencido de 61-90 | L1: Vencido de 31-60 | M1: Vencido de 16-30 | N1: Vencido de 1-15 | O1: 0 días (Hoy) | P1: Por vencer 1-7 | Q1: Por vencer 8-15 | R1: Por vencer 16-30 | S1: Por vencer 31-60 | T1: Por vencer mas de 61
A2: FORTOX SA | B2: 860046201 | C2: 032-4874747-2366 | D2: FV-5-10938 | E2: =RIGHT(D2,5) -> 10938 | F2: Julio | G2: 08/08/2021 | H2: 46000 | I2: =SUM(H2:H129) -> 79448990 | R2: 46000
A3: ACCION DEL CAUCA SA | B3: 805022756 | C3: -3174374522- | D3: FV-5-10914 | E3: =RIGHT(D3,5) -> 10914 | F3: Julio | G3: 07/08/2021 | H3: 1664241 | R3: 1664241
A4: CORPORACION CENTRO HOLISTICO CCH | B4: 900309408 | C4: -3185781064- | D4: FV-5-10904 | E4: =RIGHT(D4,5) -> 10904 | F4: Julio | G4: 07/08/2021 | H4: 2169230 | R4: 2169230
A5: CONVERSIONES INDUSTRIALES RAYSAN LTDA | B5: 816007686 | C5: 57-1-1 | D5: FV-5-10878 | E5: =RIGHT(D5,5) -> 10878 | F5: Julio | G5: 06/08/2021 | H5: 637980 | R5: 637980
A6: DAR AYUDA TEMPORAL SA | B6: 890922487 | C6: 57-3113845399- | D6: FV-5-10869 | E6: =RIGHT(D6,5) -> 10869 | F6: Julio | G6: 06/08/2021 | H6: 761562 | R6: 761562
A7: DAR AYUDA TEMPORAL SA | B7: 890922487 | C7: 57-3113845399- | D7: FV-5-10868 | E7: =RIGHT(D7,5) -> 10868 | F7: Julio | G7: 06/08/2021 | H7: 130845 | R7: 130845
A8: SERVICIOS ESPECIALIZADOS SERVICOL S.A.S | B8: 900568326 | C8: 57-3113548415-1@-3257222- | D8: FV-5-10864 | E8: =RIGHT(D8,5) -> 10864 | F8: Julio | G8: 06/08/2021 | H8: 98387 | R8: 98387
A9: SERVICIOS ESPECIALIZADOS SERVICOL S.A.S | B9: 900568326 | C9: 57-3113548415-1@-3257222- | D9: FV-5-10863 | E9: =RIGHT(D9,5) -> 10863 | F9: Julio | G9: 06/08/2021 | H9: 417911 | R9: 417911
A10: SERVICIOS ESPECIALIZADOS SERVICOL S.A.S | B10: 900568326 | C10: 57-3113548415-1@-3257222- | D10: FV-5-10862 | E10: =RIGHT(D10,5) -> 10862 | F10: Julio | G10: 06/08/2021 | H10: 830712 | R10: 830712
A11: EJE PALIATIVOS SAS | B11: 901051551 | C11: 036-3422756- | D11: FV-5-10852 | E11: =RIGHT(D11,5) -> 10852 | F11: Julio | G11: 22/07/2021 | H11: 23000 | Q11: 23000
A12: LA S.A. SOCIEDAD DE APOYO AERONAUTICO SA | B12: 800139545 | C12: 57-6051563-1@-3183745555- | D12: FV-5-10850 | E12: =RIGHT(D12,5) -> 10850 | F12: Julio | G12: 06/08/2021 | H12: 614460 | R12: 614460
A13: SICTE SAS | B13: 830113252 | C13: 57-7450900-1 | D13: FV-5-10849 | E13: =RIGHT(D13,5) -> 10849 | F13: Julio | G13: 06/08/2021 | H13: 1195600 | R13: 1195600
A14: Transportes Sanchez Polo S.A | B14: 890103161 | C14: 57-1-1 | D14: FV-5-10845 | E14: =RIGHT(D14,5) -> 10845 | F14: Julio | G14: 22/07/2021 | H14: 85000 | Q14: 85000
A15: WORK CONSTRUCCIONES S.A.S | B15: 900618371 | C15: 57-1-1 | D15: FV-5-10837 | E15: =RIGHT(D15,5) -> 10837 | F15: Julio | G15: 06/08/2021 | H15: 8517000 | R15: 8517000
A16: EMPRESA DE ACUEDUCTO Y ALCANTARILLADO DE PEREIRA SA ESP | B16: 816002020 | C16: 57-1-1 | D16: FV-5-10835 | E16: =RIGHT(D16,5) -> 10835 | F16: Julio | G16: 06/08/2021 | H16: 540000 | R16: 540000
A17: Grupo Gemas SAS | B17: 900505594 | C17: 57-1-1 | D17: FV-5-10834 | E17: =RIGHT(D17,5) -> 10834 | F17: Julio | G17: 22/07/2021 | H17: 46000 | Q17: 46000
A18: INDUSTRIA COLOMBIANA DE LOGISTICA Y TRANSPORTE SAS | B18: 860070995 | C18: 036-3164027639- | D18: FV-5-10833 | E18: =RIGHT(D18,5) -> 10833 | F18: Julio | G18: 06/08/2021 | H18: 810000 | R18: 810000
A19: JAIME ALBERTO RUIZ SANZ | B19: 10235757 | C19: 036-3205218- | D19: FV-5-10830 | E19: =RIGHT(D19,5) -> 10830 | F19: Julio | G19: 06/08/2021 | H19: 114170 | R19: 114170
A20: CONSTRU-ETIKA S.A.S. | B20: 901214791 | C20: 57-3137142300-1 | D20: FV-5-10829 | E20: =RIGHT(D20,5) -> 10829 | F20: Julio | G20: 06/08/2021 | H20: 338100 | R20: 338100
A21: COFFEWORLD SAS | B21: 901383798 | C21: 036-3013040682- | D21: FV-5-10827 | E21: =RIGHT(D21,5) -> 10827 | F21: Julio | G21: 06/08/2021 | H21: 960400 | R21: 960400
A22: FONDO DE EMPLEADOS CRECER | B22: 900731590 | C22: 036-3104408634-1 | D22: FV-5-10824 | E22: =RIGHT(D22,5) -> 10824 | F22: Julio | G22: 22/07/2021 | H22: 23000 | Q22: 23000
A23: REYVELT MEDICINA ESPECIALIZADA SAS | B23: 900868701 | C23: 57-3118741368-1 | D23: FV-5-10820 | E23: =RIGHT(D23,5) -> 10820 | F23: Julio | G23: 05/08/2021 | H23: 545860 | R23: 545860
A24: SOLO FACHADAZ SAS | B24: 900630888 | C24: 036-3267560- | D24: FV-5-10819 | E24: =RIGHT(D24,5) -> 10819 | F24: Julio | G24: 05/08/2021 | H24: 958000 | R24: 958000
A25: JUVENAL PARRA VEGA | B25: 12107192 | C25: 036-3175050568- | D25: FV-5-10818 | E25: =RIGHT(D25,5) -> 10818 | F25: Julio | G25: 21/07/2021 | H25: 69000 | Q25: 69000
A26: NOVA SEGURIDAD PRIVADA LIMITADA | B26: 900983925 | C26: 57-3124149443-1 | D26: FV-5-10816 | E26: =RIGHT(D26,5) -> 10816 | F26: Julio | G26: 21/07/2021 | H26: 45000 | Q26: 45000
A27: TRANDECOL SAS | B27: 900724450 | C27: 57-3157317838-1 | D27: FV-5-10815 | E27: =RIGHT(D27,5) -> 10815 | F27: Julio | G27: 21/07/2021 | H27: 22540 | Q27: 22540
A28: Cocinando Sonrisas Sas | B28: 900838525 | C28: 036-3386992-1 | D28: FV-5-10814 | E28: =RIGHT(D28,5) -> 10814 | F28: Julio | G28: 05/08/2021 | H28: 973140 | R28: 973140
A29: MANPOWER DE COLOMBIA LTDA | B29: 890916883 | C29: 036-3155861281- | D29: FV-5-10813 | E29: =RIGHT(D29,5) -> 10813 | F29: Julio | G29: 05/08/2021 | H29: 1451380 | R29: 1451380
A30: MORRINSON LAM S.A.S | B30: 900407903 | C30: 57-3420514-1@-3207750766- | D30: FV-5-10811 | E30: =RIGHT(D30,5) -> 10811 | F30: Julio | G30: 05/08/2021 | H30: 202860 | R30: 202860
A31: REACCIONAR LTDA | B31: 816007117 | C31: 57-3136490503- | D31: FV-5-10809 | E31: =RIGHT(D31,5) -> 10809 | F31: Julio | G31: 21/07/2021 | H31: 23000 | Q31: 23000
A32: COOPERATIVA URBANOS DE PEREIRA | B32: 891401267 | C32: 036-3214070- | D32: FV-5-10808 | E32: =RIGHT(D32,5) -> 10808 | F32: Julio | G32: 05/08/2021 | H32: 1080940 | R32: 1080940
A33: EL ARQUITECTO MATERIALES PARA CONSTRUCCION S.A | B33: 800123057 | C33: 57-1-1 | D33: FV-5-10806 | E33: =RIGHT(D33,5) -> 10806 | F33: Julio | G33: 21/07/2021 | H33: 92000 | Q33: 92000
A34: CONSTRUCCIONES ROC | B34: 900641236 | C34: 036-3104214875- | D34: FV-5-10805 | E34: =RIGHT(D34,5) -> 10805 | F34: Julio | G34: 05/08/2021 | H34: 974000 | R34: 974000
A35: GC INTEGRAL GROUP SAS | B35: 900512545 | C35: 57-3300001-1@-3504222689- | D35: FV-5-10804 | E35: =RIGHT(D35,5) -> 10804 | F35: Julio | G35: 21/07/2021 | H35: 23000 | Q35: 23000
A36: ACABADOS ARQUITECTONICOS DUQUE SAS | B36: 900409335 | C36: 57-3167893305-1 | D36: FV-5-10801 | E36: =RIGHT(D36,5) -> 10801 | F36: Julio | G36: 21/07/2021 | H36: 90000 | Q36: 90000
A37: PASO REAL S.A.S | B37: 816006830 | C37: 57-1-1 | D37: FV-5-10800 | E37: =RIGHT(D37,5) -> 10800 | F37: Julio | G37: 20/07/2021 | H37: 55000 | Q37: 55000
A38: Hospi Clean Sas | B38: 900771508 | C38: 036-3117069-1 | D38: FV-5-10798 | E38: =RIGHT(D38,5) -> 10798 | F38: Julio | G38: 05/08/2021 | H38: 338100 | R38: 338100
A39: C&G LOGISTICA Y TRANSPORTE SAS | B39: 901394117 | C39: 57-315537286- | D39: FV-5-10797 | E39: =RIGHT(D39,5) -> 10797 | F39: Julio | G39: 05/08/2021 | H39: 170000 | R39: 170000
A40: COOPERATIVA MULTIACTIVA DE CHOFERES DE PEREIRA | B40: 891400089 | C40: 57-3174017523-1 | D40: FV-5-10795 | E40: =RIGHT(D40,5) -> 10795 | F40: Julio | G40: 21/07/2021 | H40: 46000 | Q40: 46000
A41: MAURICIO CASTRO SORIANO | B41: 79793819 | C41: -3207645264- | D41: FV-5-10794 | E41: =RIGHT(D41,5) -> 10794 | F41: Julio | G41: 21/07/2021 | H41: 108000 | Q41: 108000
A42: GEOVANNI COLORADO ORREGO S.A.S | B42: 900364465 | C42: 57-3251508-1 | D42: FV-5-10793 | E42: =RIGHT(D42,5) -> 10793 | F42: Julio | G42: 21/07/2021 | H42: 23000 | Q42: 23000
A43: LUISA FERNANDA ESPINOSA GIRALDO | B43: 25179565 | C43: 57-1-1 | D43: FV-5-10791 | E43: =RIGHT(D43,5) -> 10791 | F43: Julio | G43: 21/07/2021 | H43: 66640 | Q43: 66640
A44: MEDISHI MEDICINA SEGURIDAD E HIGIENE INDUSTRIAL LTDA | B44: 800025199 | C44: 57-1-1 | D44: FV-5-10790 | E44: =RIGHT(D44,5) -> 10790 | F44: Julio | G44: 05/08/2021 | H44: 70560 | R44: 70560
A45: MANUFACTURA OLAMTEX SAS | B45: 901064600 | C45: 57-3104684107- | D45: FV-5-10789 | E45: =RIGHT(D45,5) -> 10789 | F45: Julio | G45: 05/08/2021 | H45: 180320 | R45: 180320
A46: H Y S CONSTRUCCIONES S.A.S. | B46: 900726865 | C46: -3104963638- | D46: FV-5-10787 | E46: =RIGHT(D46,5) -> 10787 | F46: Julio | G46: 05/08/2021 | H46: 241000 | R46: 241000
A47: OINC SAS | B47: 900550748 | C47: 036-3104390297- | D47: FV-5-10785 | E47: =RIGHT(D47,5) -> 10785 | F47: Julio | G47: 21/07/2021 | H47: 35000 | Q47: 35000
A48: CORPORACION CLUB CAMPESTRE PEREIRA | B48: 891400467 | C48: 57-3119285-1 | D48: FV-5-10784 | E48: =RIGHT(D48,5) -> 10784 | F48: Julio | G48: 05/08/2021 | H48: 2131500 | R48: 2131500
A49: LABORUM SLD IPS | B49: 900410026 | C49: -3216557346- | D49: FV-5-10781 | E49: =RIGHT(D49,5) -> 10781 | F49: Julio | G49: 21/07/2021 | H49: 44100 | Q49: 44100
A50: CONSTRUCARRILLO S.A.S | B50: 901054224 | C50: 036-3175155528- | D50: FV-5-10779 | E50: =RIGHT(D50,5) -> 10779 | F50: Julio | G50: 05/08/2021 | H50: 1036840 | R50: 1036840
A51: IDIME INSTITUTO DIAGNOSTICO MEDICO | B51: 800065396 | C51: 036-3229080441-1 | D51: FV-5-10778 | E51: =RIGHT(D51,5) -> 10778 | F51: Julio | G51: 05/08/2021 | H51: 459620 | R51: 459620
A52: CENTRO DE DIAGNOSTICO Y TRATAMIENTO CENDIATRA SAS | B52: 800180176 | C52: 57-3218859852- | D52: FV-5-10777 | E52: =RIGHT(D52,5) -> 10777 | F52: Julio | G52: 05/08/2021 | H52: 980000 | R52: 980000
A53: LA RECETA DE LA FELICIDAD SAS | B53: 900822108 | C53: 57-3206264752-1 | D53: FV-5-10775 | E53: =RIGHT(D53,5) -> 10775 | F53: Julio | G53: 05/08/2021 | H53: 230790 | R53: 230790
A54: COCOM S.A.S | B54: 816008859 | C54: 57-3401210-1 | D54: FV-5-10772 | E54: =RIGHT(D54,5) -> 10772 | F54: Julio | G54: 21/07/2021 | H54: 45080 | Q54: 45080
A55: CENTRO OFTALMOLOGICO Y LABORATORIO ANDRADE NARVAEZ SAS | B55: 800066001 | C55: 031-7447555- | D55: FV-5-10771 | E55: =RIGHT(D55,5) -> 10771 | F55: Julio | G55: 05/08/2021 | H55: 236180 | R55: 236180
A56: PANADERIA LA VICTORIA SA | B56: 890807115 | C56: 57-1-1 | D56: FV-5-10767 | E56: =RIGHT(D56,5) -> 10767 | F56: Julio | G56: 21/07/2021 | H56: 23000 | Q56: 23000
A57: FORMAS Y CONCRETOS SAS | B57: 900870428 | C57: 57-3147650787- | D57: FV-5-10764 | E57: =RIGHT(D57,5) -> 10764 | F57: Julio | G57: 21/07/2021 | H57: 46000 | Q57: 46000
A58: CASA DEL BOMBILLO NO. 2 LTDA | B58: 891410828 | C58: 57-1-1 | D58: FV-5-10763 | E58: =RIGHT(D58,5) -> 10763 | F58: Julio | G58: 21/07/2021 | H58: 53900 | Q58: 53900
A59: UNIVERSIDAD COOPERATIVA DE COLOMBIA | B59: 860029924 | C59: 57-3161580-1 | D59: FV-5-10762 | E59: =RIGHT(D59,5) -> 10762 | F59: Julio | G59: 21/07/2021 | H59: 32000 | Q59: 32000
A60: COMPAÑIA CAT SAS | B60: 900814718 | C60: 036-3104469055- | D60: FV-5-10758 | E60: =RIGHT(D60,5) -> 10758 | F60: Julio | G60: 05/08/2021 | H60: 518420 | R60: 518420
A61: MODALDIA SAS | B61: 816008877 | C61: 036-3306060-1 | D61: FV-5-10755 | E61: =RIGHT(D61,5) -> 10755 | F61: Julio | G61: 21/07/2021 | H61: 45080 | Q61: 45080
A62: CONSTRUCCIONES OSORIO ROJAS SAS | B62: 900823878 | C62: -3002226153- | D62: FV-5-10754 | E62: =RIGHT(D62,5) -> 10754 | F62: Julio | G62: 05/08/2021 | H62: 308700 | R62: 308700
A63: CONART SAS | B63: 901192959 | C63: 036-3413021-1 | D63: FV-5-10744 | E63: =RIGHT(D63,5) -> 10744 | F63: Julio | G63: 05/08/2021 | H63: 2864540 | R63: 2864540
A64: CORPORACION CLUB CAMPESTRE PEREIRA | B64: 891400467 | C64: 57-3119285-1 | D64: FV-5-10731 | E64: =RIGHT(D64,5) -> 10731 | F64: Julio | G64: 05/08/2021 | H64: 929040 | R64: 929040
A65: COOPERATIVA MULTIACTIVA DE APORTE Y CREDITO COOPISS COLOMBIA | B65: 891400715 | C65: 57-3332727-1 | D65: FV-5-10728 | E65: =RIGHT(D65,5) -> 10728 | F65: Julio | G65: 21/07/2021 | H65: 46000 | Q65: 46000
A66: SUPROKOM SAS | B66: 900319774 | C66: 036-3207971602- | D66: FV-5-10720 | E66: =RIGHT(D66,5) -> 10720 | F66: Julio | G66: 17/07/2021 | H66: 49000 | Q66: 49000
A67: PREVENTWORK SAS | B67: 901368970 | C67: 57-3113144553-1 | D67: FV-5-10719 | E67: =RIGHT(D67,5) -> 10719 | F67: Julio | G67: 18/07/2021 | H67: 23000 | Q67: 23000
A68: APLICAR SAS | B68: 800173968 | C68: 57-1-1 | D68: FV-5-10718 | E68: =RIGHT(D68,5) -> 10718 | F68: Julio | G68: 18/07/2021 | H68: 45080 | Q68: 45080
A69: SUMIMEDICAL SAS | B69: 900033371 | C69: 57-3173634102- | D69: FV-5-10717 | E69: =RIGHT(D69,5) -> 10717 | F69: Julio | G69: 02/08/2021 | H69: 6492500 | R69: 6492500
A70: JC&L CONSTRUCCIONES S.A.S | B70: 901260650 | C70: -3124631418- | D70: FV-5-10716 | E70: =RIGHT(D70,5) -> 10716 | F70: Julio | G70: 02/08/2021 | H70: 213800 | R70: 941780
A71: MET GROUP S.A.S | B71: 816004942 | C71: 57-1-1 | D71: FV-5-10715 | E71: =RIGHT(D71,5) -> 10715 | F71: Julio | G71: 02/08/2021 | H71: 1023120 | R71: 1023120
A72: QUALITAS SALUD LIMITADA | B72: 800132210 | C72: 031-7420654-1 | D72: FV-5-10714 | E72: =RIGHT(D72,5) -> 10714 | F72: Julio | G72: 02/08/2021 | H72: 410620 | R72: 410620
A73: CONSTRUCCIONES Y ESTUDIOS TECNICOS SAS | B73: 900522682 | C73: -3103847274- | D73: FV-5-10700 | E73: =RIGHT(D73,5) -> 10700 | F73: Julio | G73: 02/08/2021 | H73: 356720 | R73: 356720
A74: POLITECNICO METROPOLITANO CENTRO DE OCCIDENTE S.A.S | B74: 900647269 | C74: 57-1-1 | D74: FV-5-10699 | E74: =RIGHT(D74,5) -> 10699 | F74: Julio | G74: 18/07/2021 | H74: 23000 | Q74: 23000
A75: Imotriz Group Sas | B75: 901036810 | C75: 57-1-1 | D75: FV-5-10697 | E75: =RIGHT(D75,5) -> 10697 | F75: Julio | G75: 02/08/2021 | H75: 32830 | R75: 32830
A76: QUALITY LOGISTICA SAS | B76: 901025892 | C76: 036-3223929924- | D76: FV-5-10696 | E76: =RIGHT(D76,5) -> 10696 | F76: Julio | G76: 02/08/2021 | H76: 3142370 | R76: 3142370
A77: MEDICAL PROTECTION LTDA SALUD OCUPACIONAL | B77: 900170405 | C77: 57-7953260-1 | D77: FV-5-10695 | E77: =RIGHT(D77,5) -> 10695 | F77: Julio | G77: 03/07/2021 | H77: 708540 | I77: segenera cheque post fechado al 15 de septiembre | N77: 708540
A78: EVALUA SALUD IPS SAS | B78: 900380150 | C78: 031-3707146-1006 | D78: FV-5-10694 | E78: =RIGHT(D78,5) -> 10694 | F78: Julio | G78: 02/08/2021 | H78: 1806630 | R78: 1806630
A79: DIGITALGRAF | B79: 901123956 | C79: 57-3234831555-1 | D79: FV-5-10687 | E79: =RIGHT(D79,5) -> 10687 | F79: Julio | G79: 17/07/2021 | H79: 90000 | Q79: 90000
A80: SISTEMAS INTEGRADOS DE GESTION EN MEDICINA LABORAL SAS | B80: 900923659 | C80: 57-1-1 | D80: FV-5-10685 | E80: =RIGHT(D80,5) -> 10685 | F80: Julio | G80: 01/08/2021 | H80: 309680 | R80: 309680
A81: ESTATAL DE SEGURIDAD LTDA | B81: 816004965 | C81: 57-3122388156- | D81: FV-5-10684 | E81: =RIGHT(D81,5) -> 10684 | F81: Julio | G81: 01/08/2021 | H81: 903560 | R81: 903560
A82: PREVILABOR SAS | B82: 900020613 | C82: 034-2301810-1 | D82: FV-5-10683 | E82: =RIGHT(D82,5) -> 10683 | F82: Julio | G82: 01/08/2021 | H82: 241160 | R82: 241160
A83: GRUPO EMPRESARIAL ORMOS S.A.S | B83: 900331692 | C83: 57-3017778162- | D83: FV-5-10680 | E83: =RIGHT(D83,5) -> 10680 | F83: Julio | G83: 17/07/2021 | H83: 96760 | Q83: 96760
A84: JUAN BAUTISTA SALUD OCUPACIONAL SAS | B84: 830002115 | C84: -3102490824- | D84: FV-5-10679 | E84: =RIGHT(D84,5) -> 10679 | F84: Julio | G84: 01/08/2021 | H84: 2364250 | R84: 2364250
A85: CENTRO ESPECIALIZADO EN NEUROREHABILITACION INTEGRAL CREER IPS SAS | B85: 900445827 | C85: 57-1-1 | D85: FV-5-10678 | E85: =RIGHT(D85,5) -> 10678 | F85: Julio | G85: 17/07/2021 | H85: 69000 | Q85: 69000
A86: FORTOX SA | B86: 860046201 | C86: 032-4874747-2366 | D86: FV-5-10677 | E86: =RIGHT(D86,5) -> 10677 | F86: Julio | G86: 01/08/2021 | H86: 542920 | R86: 542920
A87: SERVICIOS Y ASESORIAS INTEGRALES EN SALUD OCUPACIONAL S.A.S | B87: 900340832 | C87: 57-1-1 | D87: FV-5-10675 | E87: =RIGHT(D87,5) -> 10675 | F87: Julio | G87: 01/08/2021 | H87: 811440 | R87: 811440
A88: JHONY ANDRES DELGADO FLOREZ | B88: 1088236734 | C88: 036-3147885840- | D88: FV-5-10669 | E88: =RIGHT(D88,5) -> 10669 | F88: Julio | G88: 17/07/2021 | H88: 90000 | Q88: 90000
A89: TEMPORAL SAS | B89: 860030811 | C89: 57-3187030363- | D89: FV-5-10667 | E89: =RIGHT(D89,5) -> 10667 | F89: Julio | G89: 01/08/2021 | H89: 1524880 | R89: 1524880
A90: CONSTRUCCIONES OLM S.A.S | B90: 900778677 | C90: 57-3235247889-1 | D90: FV-5-10665 | E90: =RIGHT(D90,5) -> 10665 | F90: Julio | G90: 01/08/2021 | H90: 745960 | R90: 745960
A91: SERVICIRO S.A.S. | B91: 900516152 | C91: 57-3187117528-1 | D91: FV-5-10664 | E91: =RIGHT(D91,5) -> 10664 | F91: Julio | G91: 01/08/2021 | H91: 643860 | R91: 643860
A92: COORDINADORA MERCANTIL SA | B92: 890904713 | C92: 036-3370440-@-3197912259- | D92: FV-5-10660 | E92: =RIGHT(D92,5) -> 10660 | F92: Julio | G92: 01/08/2021 | H92: 440020 | R92: 440020
A93: CREARKOS S.A.S | B93: 900688602 | C93: 57-3413391-1 | D93: FV-5-10656 | E93: =RIGHT(D93,5) -> 10656 | F93: Julio | G93: 01/08/2021 | H93: 1000580 | R93: 1000580
A94: MEDICID | B94: 900364267 | C94: 57-3166422072-1@-3183929013- | D94: FV-5-10652 | E94: =RIGHT(D94,5) -> 10652 | F94: Julio | G94: 01/08/2021 | H94: 2244690 | R94: 2244690
A95: CENTRO MEDICO EN SEGURIDAD Y SALUD EN EL TRABAJO S.A.S | B95: 901127967 | C95: 032-4862215-122 | D95: FV-5-10651 | E95: =RIGHT(D95,5) -> 10651 | F95: Julio | G95: 01/08/2021 | H95: 1226572 | R95: 1226572
A96: FRACTURAS Y FRACTURAS S.A.S | B96: 800146679 | C96: 036-3252346- | D96: FV-5-10649 | E96: =RIGHT(D96,5) -> 10649 | F96: Julio | G96: 01/08/2021 | H96: 161000 | R96: 161000
A97: ZIDCAR SAS | B97: 900310208 | C97: 036-4046799- | D97: FV-5-10648 | E97: =RIGHT(D97,5) -> 10648 | F97: Julio | G97: 01/08/2021 | H97: 867000 | R97: 867000
A98: PRADA Y CIA LTDA VIGILANCIA PRIVADA PRAVISEG CEEME | B98: 860400099 | C98: 57-3016081702-1 | D98: FV-5-10639 | E98: =RIGHT(D98,5) -> 10639 | F98: Julio | G98: 01/08/2021 | H98: 467460 | R98: 467460
A99: LEONARDO ZAPATA RIOS | B99: 10020641 | C99: 57-3216361937-1 | D99: FV-5-10637 | E99: =RIGHT(D99,5) -> 10637 | F99: Julio | G99: 17/07/2021 | H99: 90000 | Q99: 90000
A100: A & C AUTOMATIZACION Y CONTROL SA | B100: 900050843 | C100: 036-3254922- | D100: FV-5-10636 | E100: =RIGHT(D100,5) -> 10636 | F100: Julio | G100: 01/08/2021 | H100: 264600 | R100: 264600
...

Sheet LENTES 
A1: Nombre cliente | B1: Identificación | C1: Teléfono | D1: Detalle vencimiento | E1: FACTURA | F1: Vencido mas de 121 | G1: Fecha vencimiento | H1: Deuda por cobrar
A2: LINA URIBE RODRIGUEZ | B2: 1060588800 | C2: 036-3043752167- | D2: FV-5-10930 | E2: 10930 | F2: Julio | G2: 08/08/2021 | H2: 600000
A3: ALEJANDRA TABARES NARANJO | B3: 24695073 | C3: 036-3137033303- | D3: FV-5-10927 | E3: 10927 | F3: Julio | G3: 08/08/2021 | H3: 230000
A4: PAULA ANDREA ALVAREZ ARGOTY | B4: 1004528360 | C4: 036-3135495361- | D4: FV-5-10488 | E4: 10488 | F4: Junio | G4: 29/07/2021 | H4: 150000
A5: LEGON TELECOMUNICACIONES | B5: 800179562 | C5: 57-1-1 | D5: FV-5-10487 | E5: 10487 | F5: Junio | G5: 29/07/2021 | H5: 210000
A6: ESTATAL DE SEGURIDAD LTDA | B6: 816004965 | C6: 57-3122388156- | D6: FV-5-10486 | E6: 10486 | F6: Junio | G6: 29/07/2021 | H6: 180000
A7: COATS CADENA ANDINA SA | B7: 890900265 | C7: 036-3398200- | D7: FV-5-10485 | E7: 10485 | F7: Junio | G7: 29/07/2021 | H7: 400000 | I7: no enviada
A8: MANUEL ALEJANDRO JARAMILLO GARZON | B8: 1088316551 | C8: -3126516360- | D8: FV-5-10484 | E8: 10484 | F8: Junio | G8: 29/07/2021 | H8: 175000
A9: ASOCIACION LATINA DE TELECOMUNICACIONES SOCIEDAD POR ACCIONES SIMPLIFICADA | B9: 900356346 | C9: 036-3127099834- | D9: FV-5-10483 | E9: 10483 | F9: Junio | G9: 29/07/2021 | H9: 250000
A10: CORPORACION CLUB CAMPESTRE PEREIRA | B10: 891400467 | C10: 57-3119285-1 | D10: FV-5-10482 | E10: 10482 | F10: Junio | G10: 29/07/2021 | H10: 730000
A11: FRANCISCO JAVIER RAVE CORREA | B11: 10139643 | C11: 036-3117654355- | D11: FV-5-10481 | E11: 10481 | F11: Junio | G11: 29/07/2021 | H11: 100000
A12: FONDO DE EMPLEADOS CRECER | B12: 900731590 | C12: 036-3104408634-1 | D12: FV-5-10387 | E12: 10387 | F12: Junio | G12: 24/07/2021 | H12: 180000
A13: MARTHA LUCIA IZQUIERDO LOPEZ | B13: 30393577 | C13: 036-3178932023- | D13: FV-5-10386 | E13: 10386 | F13: Junio | G13: 24/07/2021 | H13: 250000
A14: CONSTRUCCIONES MURAL SAS | B14: 900675765 | C14: 57-3413054-1@-314586233- | D14: FV-5-10385 | E14: 10385 | F14: Junio | G14: 24/07/2021 | H14: 300000
A15: COATS CADENA ANDINA SA | B15: 890900265 | C15: 036-3398200- | D15: FV-5-10384 | E15: 10384 | F15: Junio | G15: 24/07/2021 | H15: 400000 | I15: no enviada
A16: IVAN RENE GIRALDO GARCIA | B16: 1111799934 | C16: 036-3163831353- | D16: FV-5-10381 | E16: 10381 | F16: Junio | G16: 24/07/2021 | H16: 190000
A17: EDWIN JULIAN MELCHOR CARMONA | B17: 1088008897 | C17: 036-3234152403- | D17: FV-5-10361 | E17: 10361 | F17: Junio | G17: 09/07/2021 | H17: 100000
A18: ETELVINA CUBIDES SALAMANCA | B18: 40387521 | C18: -3126516360- | D18: FV-5-10233 | E18: 10233 | F18: Junio | G18: 25/06/2021 | H18: 170000
A19: ESTATAL DE SEGURIDAD LTDA | B19: 816004965 | C19: 57-3122388156- | D19: FV-5-10216 | E19: 10216 | F19: Junio | G19: 17/07/2021 | H19: 360000
A20: FONDO DE EMPLEADOS DE FORTOX | B20: 800172362 | C20: 036-3226850697- | D20: FV-5-10161 | E20: 10161 | F20: Junio | G20: 15/07/2021 | H20: 400000
A21: MANUEL ALVEIRO TARAZONA RAMIREZ | B21: 1127924514 | C21: 036-3126099316- | D21: FV-5-10002 | E21: 10002 | F21: Junio | G21: 23/06/2021 | H21: 180000
A22: DORA MUÑOS GRAJALES | B22: 24999064 | C22: 036-3164397654- | D22: FV-5-9734 | E22: 9734 | F22: mayo | G22: 30/06/2021 | H22: 500000
A23: YOBANY RODRIGUEZ CAMPUZANO | B23: 10051355 | C23: 036-3116113639- | D23: FV-5-9729 | E23: 9729 | F23: mayo | G23: 30/07/2021 | H23: 120000
A25: JUAN MANUEL MORALES ZAMBRANO | B25: 79509958 | C25: 036-3115453653- | D25: FV-5-9520 | E25: 9520 | F25: mayo | G25: 29/05/2021 | H25: 225000
A27: ESTATAL DE SEGURIDAD LTDA | B27: 816004965 | C27: 57-3122388156- | D27: FV-5-8797 | E27: 8797 | F27: abril | G27: 13/06/2021 | H27: 360000
A28: COATS CADENA ANDINA SA | B28: 890900265 | C28: 036-3398200- | D28: FV-5-8407 | E28: 8407 | F28: marzo | G28: 31/03/2021 | H28: 200000 | I28: no enviada
A29: ESTATAL DE SEGURIDAD LTDA | B29: 816004965 | C29: 57-3122388156- | D29: FV-5-8403 | E29: 8403 | F29: marzo | G29: 30/03/2021 | H29: 440000 | I29: no enviada
A30: LAURA MARCELA DEL RIO | B30: 1087554932 | C30: 036-3138678905- | D30: FV-5-8402 | E30: 8402 | F30: marzo | G30: 30/03/2021 | H30: 335500
A31: ESTATAL DE SEGURIDAD LTDA | B31: 816004965 | C31: 57-3122388156- | D31: FV-5-8387 | E31: 8387 | F31: marzo | G31: 30/03/2021 | H31: 360000 | I31: no enviada
A32: CONSUELO PEREZ ZULUAGA | B32: 24955249 | C32: 036-3143882654- | D32: FV-5-8386 | E32: 8386 | F32: marzo | G32: 30/03/2021 | H32: 100000
A33: CAROLINA GIRALDO MORENO | B33: 42152534 | C33: 036-3105056296- | D33: FV-5-8384 | E33: 8384 | F33: marzo | G33: 30/03/2021 | H33: 90000
A34: COATS CADENA ANDINA SA | B34: 890900265 | C34: 036-3398200- | D34: FV-5-8383 | E34: 8383 | F34: marzo | G34: 30/03/2021 | H34: 200000 | I34: no enviada
A35: ESTATAL DE SEGURIDAD LTDA | B35: 816004965 | C35: 57-3122388156- | D35: FV-5-8354 | E35: 8354 | F35: marzo | G35: 29/03/2021 | H35: 300000 | I35: no enviada
A36: ESTATAL DE SEGURIDAD LTDA | B36: 816004965 | C36: 57-3122388156- | D36: FV-5-8273 | E36: 8273 | F36: marzo | G36: 25/03/2021 | H36: 820000 | I36: no enviada
A37: JUAN MANUEL FLOREZ | B37: 1004302802 | C37: 036-3138000059- | D37: FV-5-8241 | E37: 8241 | F37: marzo | G37: 24/03/2021 | H37: 230000
A38: JAIME SMITH GRAJALES RAMIREZ | B38: 1088025479 | C38: -3215479452- | D38: FV-5-8240 | E38: 8240 | F38: marzo | G38: 24/03/2021 | H38: 300000
A39: COATS CADENA ANDINA SA | B39: 890900265 | C39: 036-3398200- | D39: FV-5-8239 | E39: 8239 | F39: marzo | G39: 23/04/2021 | H39: 800000 | I39: no enviada
A40: JULLY VANESSA ORJUELA MARTINEZ | B40: 1088285123 | C40: 57-3145361949- | D40: FV-5-7550 | E40: 7550 | F40: febrero | G40: 26/02/2021 | H40: 180000
A41: RODRIGO CUERVO PARRA | B41: 10114275 | C41: -3128406397- | D41: FV-5-7548 | E41: 7548 | F41: febrero | G41: 26/02/2021 | H41: 290000
A42: COATS CADENA ANDINA SA | B42: 890900265 | C42: 036-3398200- | D42: FV-5-7415 | E42: 7415 | F42: febrero | G42: 22/03/2021 | H42: 200000 | I42: no enviada
A43: ROCIO SANCHEZ MARIN | B43: 29156743 | C43: -3105042196- | D43: FV-5-7391 | E43: 7391 | F43: febrero | G43: 21/03/2021 | H43: 120000
A44: ALEXANDER RIOS | B44: 10029876 | C44: 036-3182824770- | D44: FV-5-7186 | E44: 7186 | F44: febrero | G44: 13/03/2021 | H44: 150000
A45: MARIA EUGENIA LONDOÑO RAMIREZ | B45: 1087991815 | C45: 036-3123621200- | D45: FV-5-6663 | E45: 6663 | F45: enero | G45: 31/03/2021 | H45: 3800
A46: SALGADO & ASOCIADOS S.A.S | B46: 901131391 | C46: 57-1-1 | D46: FV-5-6662 | E46: 6662 | F46: enero | G46: 01/03/2021 | H46: 270000
A47: ESTATAL DE SEGURIDAD LTDA | B47: 816004965 | C47: 57-3122388156- | D47: FV-5-6639 | E47: 6639 | F47: enero | G47: 28/02/2021 | H47: 440000
A48: NESTOR JAIME GONZALEZ HERRERA | B48: 10273751 | C48: 036-3103852217- | D48: FV-5-6571 | E48: 6571 | F48: enero | G48: 27/03/2021 | H48: 300000
A49: ESTATAL DE SEGURIDAD LTDA | B49: 816004965 | C49: 57-3122388156- | D49: FV-5-6540 | E49: 6540 | F49: enero | G49: 25/02/2021 | H49: 500000 | I49: no enviada
A50: DANIELA HERRERA CARDONA | B50: 1112780330 | C50: 036-3224804424- | D50: FV-5-6415 | E50: 6415 | F50: enero | G50: 20/02/2021 | H50: 8000
A51: CARLOS EDUARDO GARCIA RUIZ | B51: 80028767 | C51: 036-3157048247- | D51: FV-5-6177 | E51: 6177 | F51: enero | G51: 12/02/2021 | H51: 14571
A52: IVONNE ADIELA CORREA BLANDON | B52: 42108431 | C52: 036-3136995252- | D52: FV-5-4884 | E52: 4884 | F52: Noviembre | G52: 25/12/2020 | H52: 20000
A53: AROS OBRAS SAS | B53: 901022507 | C53: -3105408503- | D53: FV-5-4545 | E53: 4545 | F53: Noviembre | G53: 07/12/2020 | H53: 310000
A54: TRANS-ESPECIALES JOMAR- CAFE ORIENTE SAS | B54: 900271462 | C54: 57-1-1 | D54: FV-5-4525 | E54: 4525 | F54: Noviembre | G54: 06/12/2020 | H54: 88334
A55: TRANS ESPECIALES EL SAMAN S.A.S | B55: 800240911 | C55: 57-1-1 | D55: FV-5-4523 | E55: 4523 | F55: Noviembre | G55: 06/12/2020 | H55: 225000
A56: ISABEL CRISTINA ARDILA RENDON | B56: 1088261604 | C56: 036-3165348070- | D56: FV-5-3488 | E56: 3488 | F56: Septiembre | G56: 28/09/2020 | H56: 12000
A57: ELIANA ANDREA RESTREPO CHAPARRO | B57: 1087992705 | C57: -3126516360- | D57: FV-5-2584 | E57: 2584 | F57: Agosto | G57: 18/08/2020 | H57: 100000
H58: =SUM(H2:H57) -> 14167205

Sheet RECAUDO
A2: JOSE JESUS MORALES VALDERRAMA | B2: 18599920 | C2: 036-3154959460- | D2: FV-5-10501 | E2: 10501 | F2: Junio | G2: 29/07/2021 | H2: 350000 | I2: LENTES | K2: TOTAL RECAUDO
A3: BIBIANA ANDREA MONCADA MARIN | B3: 42016954 | C3: 036-3177271687- | D3: FV-5-10428 | E3: 10428 | F3: Junio | G3: 10/07/2021 | H3: 400000 | I3: LENTES | K3: =SUM(H:H) -> 109006527
A4: RODRIGO MOLINA BERMUDEZ | B4: 10024831 | C4: 036-3105399846- | D4: FV-5-10348 | E4: 10348 | F4: Junio | G4: 08/07/2021 | H4: 400000 | I4: LENTES
A5: ETELVINA CUBIDES SALAMANCA | B5: 40387521 | C5: -3126516360- | D5: FV-5-10233 | E5: 10233 | F5: Junio | G5: 25/06/2021 | H5: 150000 | I5: LENTES
A6: JULIANA MONTOYA TALERO | B6: 1045049531 | C6: 036-3202123687- | D6: FV-5-9047 | E6: 9047 | F6: abril | G6: 30/05/2021 | H6: 125000 | I6: LENTES
A7: LUZ STEFANY GUEVARA SALAZAR | B7: 1088319194 | C7: -3178530052- | D7: FV-5-935 | E7: 935 | F7: Junio | G7: 03/06/2020 | H7: 145000 | I7: LENTES
A8: VICTOR MANUEL PALACIO | B8: 1088352006 | C8: 036-3003015922- | D8: FV-5-4151 | E8: 4151 | F8: Octubre | G8: 30/10/2020 | H8: 64000 | I8: LENTES
A9: LA RECETA DE LA FELICIDAD SAS | H9: 143080
A10: ARENAS DE OCCIDENTE SAS | H10: 543900
A11: SOCIEDAD DE MEJORAS DE PEREIRA | H11: 23000
A12: SERVICIOS ESPECIALIZADOS SERVICOL S.A.S | H12: 162274
A13: SOLO FACHADAZ SAS | H13: 2237000
A14: VICTOR MANUEL PALACIO | H14: 64000
A15: COMERCIALIZADORA LA BONANZA | H15: 20470
A16: LIFE CLEAN SAS | H16: 612010
A17: Dicar Construcciones SAS | H17: 88200
A18: EVALUA SALUD IPS SAS | H18: 3335430
A19: COATS CADENA ANDINA SA | H19: 5101880
A20: GRUPO BDB S.A.S | H20: 217560
... A42: NICOLE SAS | H42: 1300460
A43: SERCOFUN LTDA FUNERALES LOS OLIVOS | B43: 890310455 | C43: 57-3400165-1 | D43: FV-5-9940 | E43: =RIGHT(D43,4) -> 9940 | F43: Junio | G43: 04/07/2021 | H43: 1024590
A44: PAPELES REGIONALES S.A | B44: 900114108 | C44: -3007388824- | D44: FV-5-10607 | E44: 10607 | F44: Julio | G44: 31/07/2021 | H44: 180320
A45: PAPELES REGIONALES S.A | B45: 900114108 | C45: -3007388824- | D45: FV-5-9782 | E45: 9782 | F45: Junio | G45: 16/06/2021 | H45: 22540
A46: GEOTECNIA INGENIERIA SAS | B46: 816003584 | C46: 57-3363439-1@-3136303098- | D46: FV-5-8547 | E46: 8547 | F46: abril | G46: 06/05/2021 | H46: 124000
A47: GEOTECNIA INGENIERIA SAS | B47: 816003584 | C47: 57-3363439-1@-3136303098- | D47: FV-5-7779 | E47: 7779 | F47: febrero | G47: 05/04/2021 | H47: 136000
A48: CONSTRUCARRILLO S.A.S | B48: 901054224 | C48: 036-3175155528- | D48: FV-5-9857 | E48: =RIGHT(D48,4) -> 9857 | F48: Junio | G48: 02/07/2021 | H48: 247940
A49: WORLD TRAVEL ASSIST LATAM S.A.S | B49: 900600019 | C49: 57-3401569-1 | D49: FV-5-10686 | E49: =RIGHT(D49,5) -> 10686 | F49: Julio | G49: 01/08/2021 | H49: 412000
A50: MEDICID | B50: 900364267 | C50: 57-3166422072-1@-3183929013- | D50: FV-5-9409 | E50: =RIGHT(D50,4) -> 9409 | F50: mayo | G50: 22/06/2021 | H50: 3205580
A51: DISTRACOM S.A | B51: 811009788 | C51: 57-3104394044-1 | D51: FV-5-9890 | E51: =RIGHT(D51,4) -> 9890 | F51: Junio | G51: 03/07/2021 | H51: 136220
A52: SERVICIOS ESPECIALIZADOS SERVICOL S.A.S | B52: 900568326 | C52: 57-3113548415-1@-3257222- | D52: FV-5-9987 | E52: 9987 | F52: Junio | G52: 05/07/2021 | H52: 298204
A53: SERVICIOS ESPECIALIZADOS SERVICOL S.A.S | B53: 900568326 | C53: 57-3113548415-1@-3257222- | D53: FV-5-9260 | E53: 9260 | F53: mayo | G53: 04/06/2021 | H53: 681610
A54: CARLOS ALBERTO PALACIO HERRERA | B54: 1088315381 | C54: -3206041907- | D54: FV-5-8866 | E54: 8866 | F54: abril | G54: 30/05/2021 | H54: 100000 | I54: LENTES
A55: AINCA SEGURIDAD LTDA | B55: 830085880 | C55: 57-3168588-1 | D55: FV-5-9875 | E55: =RIGHT(D55,4) -> 9875 | F55: Junio | G55: 03/07/2021 | H55: 201000
A56: JOSE NELSON ORREGO AGUDELO | B56: 10104081 | C56: 57-3122427451- | D56: FV-5-10780 | E56: =RIGHT(D56,5) -> 10780 | F56: Julio | G56: 21/07/2021 | H56: 60760
A57: LAURA MARCELA DEL RIO | B57: 1087554932 | C57: 036-3138678905- | D57: FV-5-8402 | E57: 8402 | F57: marzo | G57: 30/03/2021 | H57: 24500
A58: BODEGAS ILUSION SAS | B58: 900397331 | C58: 57-3182391459-1 | D58: FV-5-10569 | E58: =RIGHT(D58,5) -> 10569 | F58: Julio | G58: 31/07/2021 | H58: 135240
A59: LIFE CLEAN SAS | B59: 900940142 | C59: 036-3423380- | D59: FV-5-10673 | E59: =RIGHT(D59,5) -> 10673 | F59: Julio | G59: 01/08/2021 | H59: 1615530
A60: ACEROS Y GALVANIZADOS D&M SAS | B60: 900653549 | C60: 57-1-1 | D60: FV-5-10610 | E60: =RIGHT(D60,5) -> 10610 | F60: Julio | G60: 31/07/2021 | H60: 162000
A61: NESTLE DE COLOMBIA SA | B61: 860002130 | C61: 031-5219000- | D61: FV-5-9962 | E61: =RIGHT(D61,4) -> 9962 | F61: Junio | G61: 04/07/2021 | H61: 2646000
A62: FUNDACION GLORIA RESTREPO DE MEJIA | B62: 800013727 | C62: 57-3137591158-1 | D62: FV-5-10876 | E62: =RIGHT(D62,5) -> 10876 | F62: Julio | G62: 06/08/2021 | H62: 1685600
A63: JUAN BAUTISTA SALUD OCUPACIONAL SAS | B63: 830002115 | C63: -3102490824- | D63: FV-5-9842 | E63: =RIGHT(D63,4) -> 9842 | F63: Junio | G63: 02/07/2021 | H63: 782530
A64: CONSTRU-ETIKA S.A.S. | B64: 901214791 | C64: 57-3137142300-1 | D64: FV-5-9900 | E64: =RIGHT(D64,4) -> 9900 | F64: Junio | G64: 03/07/2021 | H64: 207000
A65: SATVISION DIGITAL SAS | B65: 900356340 | C65: 57-317846900-1 | D65: FV-5-10847 | E65: =RIGHT(D65,5) -> 10847 | F65: Julio | G65: 22/07/2021 | H65: 68000
A66: IMAGINE INTEGRATORS | B66: 901183470 | C66: 57-1-1 | D66: FV-5-10668 | E66: =RIGHT(D66,5) -> 10668 | F66: Julio | G66: 17/07/2021 | H66: 53900
A67: CABLE NETWORKS DEL PACIFICO S.A.S | B67: 901153529 | C67: 57-3173846900-1 | D67: FV-5-10674 | E67: =RIGHT(D67,5) -> 10674 | F67: Julio | G67: 01/08/2021 | H67: 292000
A68: CHANNEL PLUS S.A.S | B68: 901233453 | C68: 036-3187706167- | D68: FV-5-10831 | E68: 10831 | F68: Julio | G68: 22/07/2021 | H68: 62000
A69: CHANNEL PLUS S.A.S | B69: 901233453 | C69: 036-3187706167- | D69: FV-5-9901 | E69: 9901 | F69: Junio | G69: 03/07/2021 | H69: 135000
A70: CABLE ESPRESS TELECOMUNICACIONES S.A.S | B70: 901050933 | C70: 57-1-1 | D70: FV-5-10840 | E70: =RIGHT(D70,5) -> 10840 | F70: Julio | G70: 22/07/2021 | H70: 55000
A71: PEGASO TELECOMUNICACIONES | B71: 901044520 | C71: 036-1-1 | D71: FV-5-10670 | E71: =RIGHT(D71,5) -> 10670 | F71: Julio | G71: 17/07/2021 | H71: 45000
A72: SERCOFUN LTDA FUNERALES LOS OLIVOS | B72: 890310455 | C72: 57-3400165-1 | D72: FV-5-10792 | E72: =RIGHT(D72,5) -> 10792 | F72: Julio | G72: 05/08/2021 | H72: 2054570
A73: JESUS ALIRIO COGOLLO | B73: 1032462276 | C73: 036-3108467189- | D73: FV-5-9652 | E73: 9652 | F73: mayo | G73: 26/06/2021 | H73: 100000 | I73: LENTES
A74: EL ARQUITECTO MATERIALES PARA CONSTRUCCION S.A | B74: 800123057 | C74: 57-1-1 | D74: FV-5-9880 | E74: =RIGHT(D74,4) -> 9880 | F74: Junio | G74: 18/06/2021 | H74: 83300
A75: MOVITIERRA CONSTRUCCIONES | B75: 800128984 | C75: 036-3205218-1 | D75: FV-5-9969 | E75: =RIGHT(D75,4) -> 9969 | F75: Junio | G75: 19/06/2021 | H75: 60760
A76: SISTEMAS INTEGRADOS DE GESTION EN MEDICINA LABORAL SAS | B76: 900923659 | C76: 57-1-1 | D76: FV-5-9356 | E76: =RIGHT(D76,4) -> 9356 | F76: mayo | G76: 06/06/2021 | H76: 176400
A77: ASEOS COLOMBIANOS ASECOLBA S.A | B77: 800146077 | C77: 57-3215670970-1 | D77: FV-5-9791 | E77: =RIGHT(D77,4) -> 9791 | F77: Junio | G77: 16/06/2021 | H77: 44100
A78: WORK CONSTRUCCIONES S.A.S | B78: 900618371 | C78: 57-1-1 | D78: FV-5-9925 | E78: =RIGHT(D78,4) -> 9925 | F78: Junio | G78: 04/07/2021 | H78: 2385320
A79: DAR AYUDA TEMPORAL SA | B79: 890922487 | C79: 57-3113845399- | D79: FV-5-9992 | E79: =RIGHT(D79,4) -> 9992 | F79: Junio | G79: 05/07/2021 | H79: 898448
A80: UNIDAD de SALUD OCUPACIONAL SAS | B80: 805002036 | C80: 032-6616747-138 | D80: FV-5-9083 | E80: =RIGHT(D80,4) -> 9083 | F80: abril | G80: 26/05/2021 | H80: 3202222
A81: CORPORACION CLUB CAMPESTRE PEREIRA | B81: 891400467 | C81: 57-3119285-1 | D81: FV-5-9809 | E81: =RIGHT(D81,4) -> 9809 | F81: Junio | G81: 01/07/2021 | H81: 1191680
A82: VINCULOS Y ENLACES SAS | B82: 900449975 | C82: 035-782303- | D82: FV-5-10625 | E82: =RIGHT(D82,5) -> 10625 | F82: Julio | G82: 01/08/2021 | H82: 121520
A83: SUMIMEDICAL SAS | B83: 900033371 | C83: 57-3173634102- | D83: FV-5-9325 | E83: 9325 | F83: mayo | G83: 05/06/2021 | H83: 7118900
A84: SUMIMEDICAL SAS | B84: 900033371 | C84: 57-3173634102- | D84: FV-5-8545 | E84: 8545 | F84: abril | G84: 06/05/2021 | H84: 5358460
A85: EVALUA SALUD IPS SAS | B85: 900380150 | C85: 031-3707146-1006 | D85: FV-5-9330 | E85: =RIGHT(D85,4) -> 9330 | F85: mayo | G85: 05/06/2021 | H85: 2144730
A86: INVERSIONES JOTAGALLO S.A. | B86: 900124035 | C86: 57-3147474-1 | D86: FV-5-9197 | E86: 9197 | F86: mayo | G86: 18/05/2021 | H86: 71540
A87: INVERSIONES JOTAGALLO S.A. | B87: 900124035 | C87: 57-3147474-1 | D87: FV-5-8440 | E87: 8440 | F87: abril | G87: 03/05/2021 | H87: 839500
A88: ROSA MARIA MORA | B88: 30966188 | C88: 036-3206283873- | D88: FV-5-10710 | E88: 10710 | F88: Julio | G88: 18/07/2021 | H88: 50000
A89: DIEGO ALBERTO LOAIZA | B89: 10116051 | C89: 036-3108336812- | D89: FV-5-10877 | E89: =RIGHT(D89,5) -> 10877 | F89: Julio | G89: 22/07/2021 | H89: 23000
A90: EQUIPOS A.M.C S.A | B90: 890932739 | C90: 57-3104553785-1 | D90: FV-5-10708 | E90: =RIGHT(D90,5) -> 10708 | F90: Julio | G90: 02/08/2021 | H90: 364560
A91: AFIRMADOS CHINCHINA S.A.S | B91: 900379056 | C91: 57-3218519004-1 | D91: FV-5-9207 | E91: =RIGHT(D91,4) -> 9207 | F91: mayo | G91: 02/06/2021 | H91: 333500
A92: Comfamiliar Risaralda | B92: 891480000 | C92: -3135600-2205 | D92: FV-5-10846 | E92: =RIGHT(D92,5) -> 10846 | F92: Julio | G92: 06/08/2021 | H92: 13000
A93: MTL SAS | B93: 900591253 | C93: -3331017- | D93: FV-5-10672 | E93: =RIGHT(D93,5) -> 10672 | F93: Julio | G93: 16/07/2021 | H93: 23000
A94: OUTSOURCING SERVICIOS INFORMATICOS S A OUTSOURCING S A | B94: 800211401 | C94: 57-3116183060-1 | D94: FV-5-10068 | E94: =RIGHT(D94,5) -> 10068 | F94: Junio | G94: 10/07/2021 | H94: 185220
A95: TIENDAS Y MARCAS DEL EJE CAFETERO S.A.S | B95: 900973932 | C95: 57-3156701528-1 | D95: FV-5-10752 | E95: =RIGHT(D95,5) -> 10752 | F95: Julio | G95: 05/08/2021 | H95: 196490
A96: COMPAÑIA CAT SAS | B96: 900814718 | C96: 036-3104469055- | D96: FV-5-9845 | E96: 9845 | F96: Junio | G96: 02/07/2021 | H96: 112700
A97: COMPAÑIA CAT SAS | B97: 900814718 | C97: 036-3104469055- | D97: FV-5-9381 | E97: 9381 | F97: mayo | G97: 07/06/2021 | H97: 284200
A98: ENCISO LTDA | B98: 816004007 | C98: 57-3167430424-1 | D98: FV-5-10653 | E98: =RIGHT(D98,5) -> 10653 | F98: Julio | G98: 17/07/2021 | H98: 92000
A99: PEGASO TELECOMUNICACIONES | B99: 901044520 | C99: 036-1-1 | D99: FV-5-9831 | E99: =RIGHT(D99,4) -> 9831 | F99: Junio | G99: 17/06/2021 | H99: 45000
A100: MET GROUP S.A.S | B100: 816004942 | C100: 57-1-1 | D100: FV-5-9956 | E100: 9956 | F100: Junio | G100: 04/07/2021 | H100: 608580
A101: MET GROUP S.A.S | B101: 816004942 | C101: 57-1-1 | D101: FV-5-9237 | E101: 9237 | F101: mayo | G101: 04/06/2021 | H101: 126420
A102: FISIOKINE IPS SAS | B102: 900952226 | C102: 031-6958514- | D102: FV-5-9396 | E102: =RIGHT(D102,4) -> 9396 | F102: mayo | G102: 07/06/2021 | H102: 200410
A103: CM ESTRUCTURAS SAS | B103: 901134322 | C103: 57-1-1 | D103: FV-5-10411 | E103: 10411 | F103: Junio | G103: 25/07/2021 | H103: 219000
A104: CM ESTRUCTURAS SAS | B104: 901134322 | C104: 57-1-1 | D104: FV-5-10139 | E104: 10139 | F104: Junio | G104: 30/06/2021 | H104: 72000
A105: CM ESTRUCTURAS SAS | B105: 901134322 | C105: 57-1-1 | D105: FV-5-10138 | E105: 10138 | F105: Junio | G105: 30/06/2021 | H105: 62000
A106: CONSTRUCARRILLO S.A.S | B106: 901054224 | C106: 036-3175155528- | D106: FV-5-9370 | E106: =RIGHT(D106,4) -> 9370 | F106: mayo | G106: 07/06/2021 | H106: 306740
A107: FUNDACION SOCIAL COOPLAROSA | B107: 816007078 | C107: 57-3402485-1@-3176443962- | D107: FV-5-10756 | E107: =RIGHT(D107,5) -> 10756 | F107: Julio | G107: 21/07/2021 | H107: 59000
A108: Contecho S.A.S | B108: 816000920 | C108: 036-3245283-1 | D108: FV-5-10584 | E108: =RIGHT(D108,5) -> 10584 | F108: Julio | G108: 16/07/2021 | H108: 33500
A109: COMERCIALIZADORA CAFE D COLINA S.A.S | B109: 900514100 | C109: 036-1-1 | D109: FV-5-9835 | E109: =RIGHT(D109,4) -> 9835 | F109: Junio | G109: 17/06/2021 | H109: 55000
A110: CENTRO OFTALMOLOGICO Y LABORATORIO ANDRADE NARVAEZ SAS | B110: 800066001 | C110: 031-7447555- | D110: FV-5-9850 | E110: =RIGHT(D110,4) -> 9850 | F110: Junio | G110: 02/07/2021 | H110: 532140
A111: LONDOÑO Y AGUIRRE Y CIA LTD. PROMOTORA DE SEGUROS | B111: 816004309 | C111: 036-3360398-1 | D111: FV-5-10671 | E111: =RIGHT(D111,5) -> 10671 | F111: Julio | G111: 17/07/2021 | H111: 23000
A112: ALBERTO ARIAS PIMIENTA | B112: 10255774 | C112: 036-3167438069- | D112: FV-5-10857 | E112: 10857 | F112: Julio | G112: 06/08/2021 | H112: 30000
A113: INSTALACIONES HIDRAULICAS Y SANITARIAS W C SAS | B113: 800250926 | C113: 57-6799099-1 | D113: FV-5-10640 | E113: 10640 | F113: Julio | G113: 01/08/2021 | H113: 182280
A114: INSTALACIONES HIDRAULICAS Y SANITARIAS W C SAS | B114: 800250926 | C114: 57-6799099-1 | D114: FV-5-9799 | E114: 9799 | F114: Junio | G114: 01/07/2021 | H114: 138180
A115: CENTRO DE DIAGNOSTICO Y TRATAMIENTO CENDIATRA SAS | B115: 800180176 | C115: 57-3218859852- | D115: FV-5-9948 | E115: =RIGHT(D115,4) -> 9948 | F115: Junio | G115: 04/07/2021 | H115: 215600
A116: OINC SAS | B116: 900550748 | C116: 036-3104390297- | D116: FV-5-9945 | E116: =RIGHT(D116,4) -> 9945 | F116: Junio | G116: 19/06/2021 | H116: 90000
A117: ACCION SAS | B117: 890309556 | C117: -3174374522- | D117: FV-5-6605 | E117: 6605 | F117: enero | G117: 27/02/2021 | H117: 19000
A118: ACCION SAS | B118: 890309556 | C118: -3174374522- | D118: FV-5-5684 | E118: 5684 | F118: enero | G118: 28/01/2021 | H118: 19000
A119: ORGANIZACION CARDENAS SAS | B119: 860521637 | C119: 57-3470503-1 | D119: FV-5-9293 | E119: =RIGHT(D119,4) -> 9293 | F119: mayo | G119: 06/06/2021 | H119: 170520
A120: ORIOL ANDRES TIRADO ACEVEDO | B120: 1007220353 | C120: 036-3217738285- | D120: FV-5-2036 | E120: 2036 | F120: Julio | G120: 27/08/2020 | H120: 200000
A121: LAURA MARCELA DEL RIO | B121: 1087554932 | C121: 036-3138678905- | D121: FV-5-8402 | E121: 8402 | F121: marzo | G121: 30/03/2021 | H121: 24500
A122: MODALDIA SAS | B122: 816008877 | C122: 036-3306060-1 | D122: FV-5-9844 | E122: 9844 | F122: Junio | G122: 02/07/2021 | H122: 157780
...

Sheet PENDIENTES
A1: BANCOLOMBIA | E1: OCCIDENTE
A2: 44386 | B2: 147000 | E2: 44389 | F2: 1646500 | G2: ESTATAL SEGURIDAD
A3: 44386 | B3: 681590 | C3: QUALITY LOGISTICA | E3: 44393 | F3: 315560 | G3: NABIL - 10077527
A4: 44387 | B4: 161000 | E4: 44396 | F4: 98980 | G4: ormos
A5: 44389 | B5: 66000 | C5: 2m maderas
A6: 44389 | B6: 100000
A7: 44389 | B7: 45000 | C7: MONICA PATRICIA
A8: 44389 | B8: 46000 | C8: <
A9: 44389 | B9: 46000 | C9: EQUIPOS CORTES
A10: 44389 | B10: 355828 | C10: REYVELT
A11: 44390 | B11: 97580 | C11: CM ESTRUCTURA
A12: 44390 | B12: 757454 | C12: DISTRICARNES
A13: 44396 | B13: 973140
A14: 44396 | B14: 69000
A15: 44396 | B15: 614180 | C15: jc&l construcciones
A16: 44396 | B16: 64000 | C16: EQUIPOS CORTES
A17: 44398 | B17: 102900 | C17: albura
A18: 44398 | B18: 44100 | C18: cristal aloe
A19: 44399 | B19: 46000 | C19: EQUIPOS CORTES
A20: 44401 | B20: 150000 | C20: studios 4
A21: 44400 | B21: 60000
A22: 44400 | B22: 99200 | C22: PAULA GRISALES
A23: 44400 | B23: 350000 | C23: LENTES TATIANA
A24: 44400 | B24: 23000 | C24: IESCON
A25: 44405 | B25: 50000
A26: 44405 | B26: 49000
A27: 44405 | B27: 23000
A28: 44406 | B28: 72000
A29: 44406 | B29: 92120
A30: 44406 | B30: 207000 | C30: WEB KAPITAL SAS

Sheet DISCRIMINADO
A1: Cartera 2020 | D1: Cartera 2021
A2: Diciembre | B2: =+'MES A MES '!I249 -> 972000 | D2: Julio | E2: =+'MES A MES '!I2 -> 79448990 | G2: Lentes
A3: Noviembre | B3: =+'MES A MES '!I254 -> 1074000 | D3: Junio | E3: =+'MES A MES '!I130 -> 38748631 | G3: =+'LENTES '!H58 -> 14167205
A4: Octubre | B4: =+'MES A MES '!I256 -> 2363000 | D4: mayo | E4: =+'MES A MES '!I190 -> 19240057
A5: Septiembre | B5: =+'MES A MES '!I260 -> 60000 | D5: abril | E5: =+'MES A MES '!I221 -> 5035000 | G5: TOTAL CARTERA
A6: Agosto | B6: =+'MES A MES '!I261 -> 22000 | D6: marzo | E6: =+'MES A MES '!I234 -> 1877244 | G6: =+G3+E9+B8 -> 164427127
A7: Junio | B7: =+'MES A MES '!I262 -> 1083000 | D7: febrero | E7: =+'MES A MES '!I241 -> 269000
B8: =SUM(B2:B7) -> 5574000 | D8: enero | E8: =+'MES A MES '!I247 -> 67000
E9: =SUM(E2:E8) -> 144685922
